 Dungeon Crawl Stone Soup version 0.27.1-33-g824d729ab1 (webtiles) character file.

Game seed: 4732559750078484741

139 Kallu the Chopper (level 5, -1/47 HPs)
             Began as a Hill Orc Abyssal Knight on Nov 30, 2021.
             Was a Priest of Lugonu.
             Slain by Terence (7 damage)
             ... on level 3 of the Dungeon.
             The game lasted 00:06:24 (2576 turns).

Kallu the Chopper (Hill Orc Abyssal Knight)         Turns: 2576, Time: 00:06:24

Health: -1/47      AC:  6    Str: 15    XL:     5   Next: 22%
Magic:  6/6        EV:  9    Int: 12    God:    Lugonu [***...]
Gold:   61         SH:  0    Dex: 11    Spells: 4/4 levels left

rFire    . . .     SeeInvis .   a - +1 hand axe
rCold    . . .     Faith    .   (no shield)
rNeg     . . .     Spirit   .   i - +0 scale mail
rPois    .         Reflect  .   (no helmet)
rElec    .         Harm     .   (no cloak)
rCorr    .         Rampage  .   (no gloves)
Will     .....                  (no boots)
Stlth    ..........             (no amulet)
HPRegen  0.15/turn              (no ring)
MPRegen  0.10/turn              (no ring)

@: mighty
A: no striking features
a: Renounce Religion, Depart the Abyss, Bend Space, Banish


You were on level 3 of the Dungeon.
You worshipped Lugonu.
Lugonu was most pleased with you.
You visited 1 branch of the dungeon, and saw 3 of its levels.
You visited the Abyss 1 time.

You collected 61 gold pieces.

Inventory:

Hand Weapons
 a - a +1 hand axe (weapon)
Armour
 i - a +0 scale mail (worn)
Jewellery
 g - a ring of fire
Scrolls
 b - a scroll of identify
 c - a scroll of summoning {unknown}
 f - a scroll of blinking {unknown}
 j - a scroll of enchant armour {unknown}
Potions
 d - a potion of heal wounds {unknown}
 e - a potion of might
 h - a potion of curing
 k - a potion of magic {unknown}


   Skills:
 + Level 4.8 Fighting
 + Level 5.7 Axes
 + Level 2.4 Armour
 - Level 0.7 Dodging
 * Level 2.6 Invocations


You had 4 spell levels left.
You didn't know any spells.
Your spell library was empty.

Dungeon Overview and Level Annotations

Branches:
Dungeon (3/15)

Altars:
Fedhas
Qazlal
Wu Jian
The Shining One

Shops:
D:1 *

Annotations:
D:3 Terence


Message History

You hit the hound skeleton.
You destroy the hound skeleton!
Lugonu accepts your kill.
No target in view!
Terence the Incautious comes into view.
He is wielding a +3 hand axe.
Terence hits you with a +3 hand axe.
You hit Terence but do no damage. Terence barely misses you.
You hit Terence.
Terence is moderately wounded.
Terence hits you with a +3 hand axe.
You hit Terence.
Terence is heavily wounded.
Terence drinks a potion.
Terence is healed!
You hit Terence but do no damage.
Terence is moderately wounded.
Terence says, "Did you write a will?
You should..."
Terence hits you with a +3 hand axe.
You hit Terence but do no damage.
Terence is moderately wounded.
Terence hits you with a +3 hand axe.
You hit Terence but do no damage.
Terence is moderately wounded.
Terence hits you with a +3 hand axe.
You feel very mighty all of a sudden. Terence hits you with a +3 hand axe.
You slash Terence!
Terence is severely wounded.
Terence hits you with a +3 hand axe.
You hit Terence.
Terence is almost dead.
Terence hits you with a +3 hand axe.
* * * LOW HITPOINT WARNING * * *
You barely miss Terence.
Terence is severely wounded.
Terence hits you with a +3 hand axe.
* * * LOW HITPOINT WARNING * * *
You closely miss Terence.
Terence is severely wounded.
Terence hits you with a +3 hand axe!
You die...

..#######'##
..#######.#
..+.##....#
..#.##.###### ### #
..#...†....... #..
.# ..###.########
#.###.# ..#
#........# #.#...
..# ########.# #@#.#
'####### #.#.#@..#
.##....# ##.#.#...#
<##....####..#.....#
..'....'.##.####.###
.##....#.##.##.#.#
.##....#.##......#
.##....#.#########
.##....#.........#
.##....#########.#


You could see Terence.

Vanquished Creatures
  Jessica (D:2)
  A hound skeleton (D:3)
  3 adders
  2 worms (D:2)
  A dart slug (D:2)
  An orc (D:2)
  A bat (D:2)
  6 endoplasms
  4 giant cockroaches
  4 goblins
  12 hobgoblins
  8 kobolds
  3 quokkas
  3 ball pythons
  3 frilled lizards
  11 rats
64 creatures vanquished.

Vanquished Creatures (others)
  5 fungi (D:1)
5 creatures vanquished.

Grand Total: 69 creatures vanquished

Notes
Turn   | Place    | Note
-------+----------+-------------------------------------------
     0 | Abyss:1  | Kallu the Hill Orc Abyssal Knight began the quest for the
                  | Orb.
     0 | Abyss:1  | Reached XP level 1. HP: 19/19 MP: 2/2
    47 | D:1      | Escaped the Abyss
    72 | D:1      | Reached skill level 3 in Axes
   237 | D:1      | Reached XP level 2. HP: 26/26 MP: 3/3
   352 | D:1      | Found Bisen's General Store.
   362 | D:1      | Found a faded altar of an unknown god.
   426 | D:1      | Reached skill level 4 in Axes
   792 | D:1      | Reached ** piety under Lugonu
   938 | D:2      | Reached XP level 3. HP: 33/33 MP: 4/4
  1006 | D:2      | Found a glowing golden altar of the Shining One.
  1220 | D:2      | Noticed Jessica
  1226 | D:2      | Killed Jessica
  1227 | D:2      | Reached skill level 5 in Axes
  1227 | D:2      | Reached XP level 4. HP: 34/40 MP: 5/5
  1858 | D:3      | Found an ornate altar of the Wu Jian Council.
  1903 | D:3      | Reached XP level 5. HP: 38/47 MP: 6/6
  2076 | D:3      | Found a blossoming altar of Fedhas.
  2076 | D:3      | Found a stormy altar of Qazlal.
  2242 | D:3      | Noticed an ogre
  2416 | D:3      | Reached *** piety under Lugonu
  2562 | D:3      | Noticed Terence
  2576 | D:3      | Slain by Terence

Illustrated notes

Levels and vault maps discovered:
D:1:      tarquinn_simple_flora_water_e, layout_loops_ring, serial_shops,
          shop_fountains, shapermc_ecumenical_altar_ellora
D:2:      minmay_skewed_foursquare, layout_basic, basic_altar, uniq_jessica
D:3:      layout_basic, grunt_temple_overflow_forces_of_nature,
          lemuel_round_altar, uniq_terence

Skill      XL: |  1  2  3 |
---------------+----------+-----
Axes           | 3 4 5 |  5.7
Fighting       | 4 |  4.8
Armour         | |  2.4
Dodging        | |  0.7
Invocations    | |  2.6

Action                   |  1- 3 |  4- 6 || total
-------------------------+-------+-------++-------
Melee: Hand axe          |    83 |   108 ||   191
  Use: Scroll            |       |     4 ||     4
       Potion            |       |     1 ||     1
Armor: Leather armour    |     3 |       ||     3
       Ring mail         |    14 |    15 ||    29
       Scale mail        |       |    24 ||    24
Dodge: Dodged            |    45 |    57 ||   102
